Match 46475393
Unlisted

Match 46475393
End
Construct Barracks
Selects Armored Battlegroup
Selects Veteran Crews
Riflemen Squad
1⁄4-ton 4x4 Truck
Riflemen Squad
Riflemen Squad
Mechanized Support Center
Engineer Squad
Construct Motor Pool
Construct Medical Station
M8 Greyhound Armored Car
Selects Fast Deploy
M1918 Browning Automatic Rifles
M1 Mortar Team
Grenade Package
Riflemen Squad
Selects Field Repairs
Selects Seek and Destroy
Improvised Armor
M1 Anti-tank Gun Team
M1 Anti-tank Gun Team
Construct Tank Depot
Selects UNKNOWN (2160077)
Selects War Machine
Riflemen Squad
M4A3E8 Sherman Easy Eight
M1 Anti-tank Gun Team
M1 Anti-tank Gun Team
M4A3E8 Sherman Easy Eight
Designate Forward Repair Station
M4A3E8 Sherman Easy Eight
Scout Squad
Designate Forward Repair Station
M4A3E8 Sherman Easy Eight
Dark Lord Cthulhu
dog
0
0

Comments sign in to comment!

No comments posted yet!